Map: Lerilak Crest

Players

Simony

  • Race: Zerg Zerg
  • League: Gold

Javert - Winner!

  • Race: Zerg Zerg
  • League: Gold

VOD

Have the link to the VOD?

Description

FE Roach Opener holding Ling flood into +1 Timing Attack

Time

  • Played on: Sept. 27, 2015, 1:13 a.m.
  • Length: 9:01
Show
View Real Time Build Order
Export as new Build Order

Simony Zerg 

Build Orders: Hatch First, Zergling Baneling 

Get SALT Encoding   

  12  0:01  Drone  
  13  0:08  Drone  
  14  0:18  Drone, Extractor x2  
  13  0:21  Drone  
  16  0:44  Hatchery  
  15  0:57  Spawning Pool  
  15  1:00  Extractor  
  15  1:01  Drone  
  14  1:09  Overlord  
  14  1:16  Drone, Extractor  
  15  1:27  Drone x2  
  17  1:36  Drone  
  18  1:46  Queen  
  20  1:47  Zergling x2  
  21  1:56  Queen  
  23  2:03  Metabolic Boost  
  23  2:10  Drone x2  
  25  2:17  Drone x2  
  25  2:18  Zergling x2  
  28  2:26  Overlord  
  28  2:46  Drone x3  
  28  2:47  Drone  
  32  2:53  Baneling Nest  
  31  2:59  Drone x4  
  34  3:06  Drone  
  34  3:08  Drone, Overlord  
  36  3:17  Zergling x4, Extractor x2  
  38  3:25  Extractor  
  39  3:27  Drone x2, Roach Warren  
  39  3:28  Drone  
  39  3:29  Extractor  
  39  3:34  Queen  
  40  3:43  Drone x2, Overlord  
  42  3:54  Overlord  
  42  3:55  Zergling x2  
  42  3:56  Zergling x2  
  44  4:03  Zergling x2  
  44  4:04  Zergling x10  
  44  4:09  Baneling x5  
  50  4:18  Roach  
  52  4:29  Overlord  
  49  4:35  Drone x2  
  51  4:39  Overlord  
  51  4:42  Overlord  
  51  4:47  Baneling x4  
  51  4:50  Roach x3  
  51  4:51  Drone x2  
  59  4:54  Lair  
  59  5:00  Drone  
  59  5:02  Extractor  
  59  5:10  Roach  
  59  5:11  Roach x2  
  59  5:14  Ravager x2  
  67  5:22  Drone x2  
  67  5:25  Ravager  
  70  5:28  Drone  
  70  5:29  Drone, Overlord  
  70  5:30  Drone x2  
  70  5:31  Zergling x2  
  75  5:38  Overlord  
  75  5:43  Spine Crawler x2  
  75  5:44  Ravager  
  76  5:51  Roach  
  76  5:52  Roach  
  76  5:53  Roach x2  
  84  5:57  Roach  
  84  5:58  Roach x3  
  92  6:05  Overlord x2  
  91  6:25  Roach x2  
  94  6:26  Roach x2  
  94  6:27  Roach x4  
  94  6:28  Overlord  
  94  6:31  Glial Reconstitution  
  106  6:34  Overlord  
  106  6:35  Hydralisk Den  
  106  6:37  Evolution Chamber  
  87  7:02  Roach  
  87  7:03  Roach x4  
  87  7:08  Roach  
  74  7:09  Roach  
  70  7:15  Roach  
  70  7:16  Roach x3  
  70  7:19  Roach  
  70  7:20  Roach x2  
  67  7:31  Roach  
  67  7:34  Roach  
  69  7:42  Queen  
  69  7:43  Roach  
  69  7:44  Roach x3  
  73  7:50  Roach  
  65  7:53  Roach  
  61  8:01  Roach  
  55  8:12  Roach  
  48  8:14  Roach  
Show
View Real Time Build Order
Export as new Build Order

Javert Zerg - Winner!

Build Orders: Pool First 

Get SALT Encoding   

  12  0:01  Drone  
  13  0:13  Overlord  
  13  0:17  Drone  
  14  0:31  Drone  
  14  0:32  Drone  
  16  0:36  Drone  
  17  0:48  Spawning Pool  
  17  0:49  Drone  
  17  0:57  Drone  
  18  1:16  Hatchery, Drone  
  18  1:22  Drone  
  18  1:23  Extractor  
  18  1:37  Roach Warren  
  17  1:40  Queen  
  19  1:48  Overlord  
  19  1:52  Drone  
  20  2:17  Roach x2  
  20  2:18  Roach  
  26  2:23  Queen  
  26  2:29  Overlord  
  28  2:36  Drone  
  29  2:44  Drone x2  
  31  3:02  Baneling Nest  
  30  3:08  Drone x6  
  36  3:19  Overlord  
  36  3:27  Roach  
  36  3:28  Roach x2  
  36  3:30  Overlord  
  42  3:43  Drone  
  42  3:44  Drone x5  
  48  3:49  Zergling x2  
  49  4:10  Baneling x2  
  49  4:15  Lair  
  49  4:18  Evolution Chamber, Extractor  
  49  4:21  Roach x2  
  51  4:25  Overlord  
  51  4:33  Roach  
  51  4:34  Roach  
  55  4:39  Drone x3  
  55  4:40  Overlord x2  
  55  4:45  Drone x5  
  63  4:58  Overlord x2  
  63  5:01  Zerg Missile Weapons Level 1  
  63  5:03  Extractor  
  63  5:05  Zergling x8  
  66  5:12  Overlord  
  66  5:16  Glial Reconstitution  
  66  5:22  Roach  
  68  5:28  Drone x3  
  68  5:32  Roach x2  
  68  5:34  Roach  
  77  5:45  Baneling x4  
  77  5:52  Roach x2  
  81  5:57  Baneling  
  81  6:07  Overlord x2  
  81  6:10  Roach  
  81  6:11  Roach x4  
  89  6:38  Roach  
  89  6:39  Roach x2  
  95  6:41  Overlord x2  
  95  6:43  Queen  
  95  6:44  Overlord  
  95  6:46  Hatchery  
  96  6:55  Zerg Ground Armor Level 1  
  67  7:14  Roach x10  
  67  7:15  Roach x2  
  82  7:28  Burrow  
  82  7:33  Overlord  
  82  7:38  Overlord  
  76  7:53  Roach x5  
  76  7:54  Roach  
  72  8:16  Roach  
  72  8:18  Roach  
  72  8:19  Roach x2  
  72  8:29  Drone x3  
  72  8:30  Drone  
  72  8:41  Drone x3  
  72  8:42  Drone  
Tags
 
Add a new tag
Caveats
  • Supply blocks, unpowered buildings, or Contaminate may cause inaccurate times.
  • Supply counts are checked every 10 seconds.